 Dungeon Crawl Stone Soup version 0.22.0-49-gab54619 (webtiles) character file.

186 ssg the Twirler (level 5, -1/41 HPs)
             Began as a Demonspawn Gladiator on Sept 7, 2018.
             Killed by nerve-wracking pain
             ... invoked by an orc priest
              (11 damage)
             ... on level 3 of the Dungeon.
             The game lasted 00:03:41 (2686 turns).

ssg the Twirler (Demonspawn Gladiator)              Turns: 2686, Time: 00:03:42

Health: -1/41      AC:  8    Str: 14    XL:     5   Next: 38%
Magic:  0/5        EV: 10    Int: 11    God:
Gold:   188        SH:  0    Dex: 14    Spells: 4/4 levels left

rFire    + . .     SeeInvis .   a - +0 quarterstaff
rCold    . . .     Gourm    .   (shield currently unavailable)
rNeg     . . .     Faith    .   q - +0 scale mail
rPois    .         Spirit   +   (helmet restricted)
rElec    .         Reflect  .   o - scarf {Spirit}
rCorr    .         Harm     .   (no gloves)
MR       .....                  (no boots)
Stlth    ..........             (no amulet)
HPRegen  0.13/turn              (no ring)
MPRegen  0.09/turn              (no ring)

@: no status effects
A: horns 1, yellow scales 1, fire resistance 1, spiny 1
a: no special abilities


You were on level 3 of the Dungeon.
You were not hungry.

You visited 1 branch of the dungeon, and saw 3 of its levels.

You collected 188 gold pieces.

Inventory:

Hand Weapons
 a - a +0 quarterstaff (weapon)
Missiles
 d - 3 throwing nets (quivered)
Armour
 b - a +0 leather armour
 c - a +0 helmet
 o - a scarf of spirit shield (worn)
 q - a +0 scale mail (worn)
Jewellery
 g - an uncursed ring of wizardry {unknown}
Scrolls
 e - a scroll of remove curse
 h - 3 scrolls of identify {unknown}
 i - a scroll of blinking {unknown}
 k - a scroll of immolation {unknown}
 l - a scroll of fear {unknown}
 m - a scroll of amnesia {unknown}
 n - 2 scrolls of random uselessness {unknown}
Potions
 j - 3 potions of curing
Comestibles
 f - 3 rations


   Skills:
 + Level 3.2 Fighting
 * Level 3.9 Staves
 - Level 1.7 Throwing
 * Level 2.8 Armour
 - Level 2.6 Dodging


You had 4 spell levels left.
You didn't know any spells.
Your spell library was empty.

Dungeon Overview and Level Annotations

Branches:
Dungeon (3/15)

Altars:
Ashenzari
Dithmenos
Elyvilon
Nemelex Xobeh
Uskayaw
Xom
Zin
Beogh


Innate Abilities, Weirdness & Mutations

You have a pair of small horns on your head.
You are partially covered in yellow scales. (AC +2)
Your flesh is heat resistant. (rF+)
You are partially covered in sharp spines.


Message History

Beogh smites you!
You barely miss the orc priest. You headbutt the orc priest.
The orc priest is moderately wounded.
The orc priest mumbles some strange prayers to Beogh against you.
Beogh smites you!
The orc priest calls upon Beogh to heal the orc priest.
The orc priest is healed somewhat.
You closely miss the orc priest. Your headbutt misses the orc priest.
The orc priest is lightly wounded.
The orc priest is struck by your spines.
The orc priest barely misses you.
The orc priest casts a cantrip, but nothing happens.
The orc priest mumbles some strange prayers to Beogh against you.
Beogh smites you!
* * * LOW HITPOINT WARNING * * *
As you read the scroll labeled MYH VACUROIL, it crumbles to dust.
You feel blessed for a moment.
It was a scroll of remove curse.
The orc priest mumbles some strange prayers to Beogh against you.
Pain shoots through your body!
You die...

######.#...####.
#......<.#......
#.....รทรท.######.
#........# ##
###........# #
#..........# #
#.######...# #
#.##$$.##..# #
#@#.8.8$#..# #
#o'.o.._#..# #
###o8$8.####
#o.$## ####


You could see 4 orc priests.

Vanquished Creatures
  A hound skeleton (D:2)
  6 adders
  4 oozes
  A worm (D:2)
  3 dart slugs
  A leopard gecko (D:1)
  3 orcs (D:2)
  5 giant cockroaches
  12 goblins
  11 hobgoblins
  7 jackals (D:3)
  6 kobolds
  6 quokkas
  A ball python (D:2)
  8 bats
  3 frilled lizards
  4 rats
  A plant (D:2)
83 creatures vanquished.

Vanquished Creatures (others)
  A plant (D:2)
1 creature vanquished.

Grand Total: 84 creatures vanquished

Notes
Turn   | Place    | Note
-------+----------+-------------------------------------------
     0 | D:1      | ssg the Demonspawn Gladiator began the quest for the Orb.
     0 | D:1      | Reached XP level 1. HP: 16/16 MP: 1/1
    70 | D:1      | Gained mutation: Your flesh is heat resistant. (rF+)
                  | [demonic ancestry]
    70 | D:1      | Reached XP level 2. HP: 22/23 MP: 2/2
    80 | D:1      | Reached skill level 1 in Armour
   578 | D:1      | Gained mutation: You have a pair of small horns on your
                  | head. [demonic ancestry]
   578 | D:1      | Reached XP level 3. HP: 23/28 MP: 3/3
  1013 | D:2      | Found a shattered altar of Ashenzari.
  1119 | D:2      | Gained mutation: You are partially covered in sharp spines.
                  | [demonic ancestry]
  1119 | D:2      | Reached XP level 4. HP: 26/34 MP: 4/4
  1347 | D:2      | Found a white marble altar of Elyvilon.
  1831 | D:2      | Gained mutation: You are partially covered in yellow
                  | scales. (AC +2) [demonic ancestry]
  1831 | D:2      | Reached XP level 5. HP: 40/41 MP: 5/5
  2282 | D:3      | Found a sparkling altar of Nemelex Xobeh.
  2325 | D:3      | Found a shimmering altar of Xom.
  2325 | D:3      | Found a shimmering altar of Xom.
  2325 | D:3      | Found a shimmering altar of Xom.
  2326 | D:3      | Found a shimmering altar of Xom.
  2340 | D:3      | Found a shimmering altar of Xom.
  2342 | D:3      | Found a shimmering altar of Xom.
  2503 | D:3      | Found a glowing silver altar of Zin.
  2505 | D:3      | Found a shadowy altar of Dithmenos.
  2520 | D:3      | Noticed a hand axe
  2520 | D:3      | Noticed a hand axe
  2521 | D:3      | Found a hide-covered altar of Uskayaw.
  2681 | D:3      | Found a roughly hewn altar of Beogh.
  2686 | D:3      | Killed from afar by an orc priest

Skill      XL: |  1  2  3  4 |
---------------+-------------+-----
Armour         | 1 2 |  2.8
Staves         | 3 |  3.9
Fighting       | 3 |  3.2
Throwing       | |  1.7
Dodging        | |  2.6

Action                   |  1- 3 |  4- 6 || total
-------------------------+-------+-------++-------
Melee: Quarterstaff      |   132 |    89 ||   221
       Headbutt          |    16 |    14 ||    30
  Use: Scroll            |       |     1 ||     1
       Potion            |       |     1 ||     1
 Stab: Sleeping          |     1 |       ||     1
  Eat: Chunk             |     1 |     5 ||     6
Armor: Leather armour    |    35 |    20 ||    55
Dodge: Dodged            |    74 |    54 ||   128
